 Dungeon Crawl Stone Soup version 0.32-a0-961-gd60f5e5fc7 (webtiles) character file.

Game seed: 5879843078564598357

11170 trashops the Severer (level 11, -18/95 HPs)
             Began as a Mountain Dwarf Fighter on Apr 18, 2024.
             Was a High Priest of Okawaru.
             Demolished by an enormous slime creature (46 damage)
             ... on level 11 of the Dungeon.
             The game lasted 00:19:57 (11539 turns).

trashops the Severer (Mountain Dwarf Fighter)      Turns: 11539, Time: 00:19:58

Health: -18/95     AC: 15    Str: 23    XL:     11   Next: 45%
Magic:  9/9        EV: 11    Int:  9    God:    Okawaru [*****.]
Gold:   549        SH:  6    Dex:  9    Spells: 10/10 levels left

rFire   . . .        a - +2 war axe (drain)
rCold   . . .        c - +1 buckler
rNeg    . . .        x - +0 plate armour
rPois   .            (no helmet)
rElec   .            C - +0 cloak
rCorr   .            (no gloves)
SInv    +            (no boots)
Will    +....        (no amulet) Stlth
                     f - ring of see invisible
HPRegen 0.35/turn    E - +5 ring of evasion
MPRegen 0.11/turn

%: no passive effects
@: no status effects
A: runic magic, artefact enchanting, low MP 1, sturdy frame 1
a: Renounce Religion, Heroism, Finesse, Duel


You were on level 11 of the Dungeon.
You worshipped Okawaru.
Okawaru was extremely pleased with you.
You visited 2 branches of the dungeon, and saw 12 of its levels.
You also visited: Sewer and Ossuary.

You collected 569 gold pieces.
You spent 20 gold pieces at shops.

Inventory:

Hand Weapons
 a - a +2 war axe of draining (weapon)
 m - a +1 hand axe of electrocution
 n - a +2 dire flail of protection
Armour
 c - a +1 buckler (worn)
 x - a +0 plate armour (worn)
 C - a +0 cloak (worn)
Jewellery
 f - a ring of see invisible (left hand)
 E - a +5 ring of evasion (right hand)
Wands
 k - a wand of warping (22)
 y - a wand of paralysis (12)
 G - a wand of polymorph (6)
 H - a wand of mindburst (6)
Scrolls
 h - a scroll of fog
 j - 2 scrolls of vulnerability
 l - 3 scrolls of brand weapon
 p - 2 scrolls of enchant armour
 q - 2 scrolls of fear
 r - a scroll of silence
 s - 3 scrolls of teleportation
 u - 5 scrolls of identify
 z - a scroll of amnesia
 D - a scroll of revelation
Potions
 b - 4 potions of ambrosia
 d - 3 potions of might
 e - 3 potions of brilliance
 g - 2 potions of curing
 i - 5 potions of lignification
 o - 2 potions of heal wounds
 t - 4 potions of resistance
 v - a potion of magic
 w - 2 potions of cancellation
 A - 2 potions of invisibility
 B - a potion of enlightenment
 F - a potion of berserk rage


   Skills:
 * Level 8.4 Fighting
 + Level 16.6 Axes
 * Level 9.1 Armour
 * Level 6.6 Shields


You had 10 spell levels left.
You didn't know any spells.
Your spell library contained the following spells:

 Spells                   Type           Power      Damage    Failure   Level
 Hailstorm                Conj/Ice       0%         3d5       93%         3
 Permafrost Eruption      Ice/Erth       0%         2x4d1     100%        6
 Orb of Destruction       Conj           0%         9d5       100%        7
 Summon Ice Beast         Ice/Summ       Unusable   N/A       N/A         3
 Summon Blazeheart Golem  Fire/Summ      Unusable   N/A       N/A         4
 Sculpt Simulacrum        Ice/Alch       Unusable   N/A       N/A         6
 Spellforged Servitor     Conj/Summ      Unusable   N/A       N/A         7

Dungeon Overview and Level Annotations

Branches:
Dungeon (11/15)            Temple (1/1) D:6            Lair (0/5) D:10
    Orc (0/2) D:10          Sewer (visited)         Ossuary (visited)

Altars:
Ashenzari
Cheibriados
Dithmenos
Elyvilon
Fedhas
Gozag
Hepliaklqana
Kikubaaqudgha
Makhleb
Nemelex Xobeh
Okawaru
Qazlal
Ru
Sif Muna
Trog
Uskayaw
Vehumet
Wu Jian
Xom
Yredelemnul
Zin
The Shining One

Shops:
D:4 :=**(

Annotations:
D:7 2 transporters, uglyjohn's ghost, novice GrEE


Innate Abilities, Weirdness & Mutations

Your spellcasting is much less encumbered by armour.
You can use scrolls of enchantment on lesser artefacts.
Your magical capacity is low. (-10% MP)
Your movements are slightly less encumbered by armour. (ER -2)


Message History

You kill the yak!
Okawaru accepts your kill.
A slime creature comes into view.
The slime creature hits you but does no damage.
You see here a yak corpse.
You barely miss the slime creature.
The slime creature quivers.
Two slime creatures merge to form a large slime creature.
The slime creature hits you!
You slice the slime creature!!
The slime creature is moderately wounded.
The slime creature hits you but does no damage.
You hit the slime creature. You drain the slime creature.
The slime creature is moderately wounded.
Two slime creatures merge to form a very large slime creature.
You hit the very large slime creature.
You drain the very large slime creature.
The very large slime creature is lightly wounded.
A cyan ugly thing comes into view.
The cyan ugly thing gurgles horribly!
You slash the very large slime creature!
The very large slime creature is moderately wounded.
The very large slime creature hits you.
You completely miss the very large slime creature.
The very large slime creature is moderately wounded.
You block the very large slime creature's attack.
You barely miss the very large slime creature.
The very large slime creature is moderately wounded.
You slash the very large slime creature!
You drain the very large slime creature.
The very large slime creature is moderately wounded.
Two slime creatures merge to form an enormous slime creature.
You slash the enormous slime creature!
The enormous slime creature is moderately wounded.
The enormous slime creature hits you!!!
* * * LOW HITPOINT WARNING * * *
The boulder beetle leaps!
The enormous slime creature attacks as it pursues you!
The enormous slime creature hits you!!!
You die...

#. ###.JJ
######.###.....
...B.......#
.....##..###
... ##u# . #†#
#.# #J# #@# #.#
#.# #.# #.# #.#
#.# #.#


You could see a cyan ugly thing and an enormous slime creature (drained).

Vanquished Creatures
  2 two-headed ogres
  A gargoyle (D:10)
  A kobold demonologist (D:10)
  A troll (D:9)
  A hornet (D:9)
  Sigmund (D:5)
  22 yaks
  2 vampires (D:10)
  A wraith (D:10)
  Menkaure (D:7)
  2 acid dragons
  6 orc warriors
  A black bear (D:10)
  2 ogres
  3 phantoms (D:5)
  2 kobold brigands (Sewer)
  A weeping skull (Ossuary)
  2 elf zombies (D:7)
  2 gnoll sergeants (D:8)
  2 bullfrogs
  2 elf skeletons (D:7)
  4 scorpions
  3 wights (D:8)
  A water moccasin skeleton (D:5)
  12 killer bees (D:9)
  4 howler monkeys
  5 electric eels (D:10)
  A human zombie (D:5)
  3 bullfrog zombies (D:5)
  2 jellies
  6 hounds
  8 orc priests
  A gnoll bouda (D:5)
  8 iguanas
  A human skeleton (D:7)
  2 sleepcaps
  16 orc wizards
  3 scorpion zombies (D:5)
  Ijyb (D:5)
  A hell rat (D:10)
  A hound zombie (D:5)
  3 mummies (Ossuary)
  14 gnolls
  10 adders
  5 river rats
  2 shadow imps
  2 ribbon worms
  A dart slug (D:5)
  31 orcs
  9 endoplasms
  4 giant cockroaches
  6 gnoll zombies (Ossuary)
  3 goblins
  5 hobgoblins
  2 jackals (D:2)
  19 kobolds
  2 quokkas (D:2)
  14 ball pythons
  4 bats
  5 frilled lizards
  3 gnoll skeletons (Ossuary)
  2 goblin skeletons (Ossuary)
  5 goblin zombies (Ossuary)
  6 hobgoblin skeletons (Ossuary)
  4 kobold skeletons (Ossuary)
  6 kobold zombies (Ossuary)
  6 orc skeletons
  2 orc zombies (Ossuary)
  33 rats
  5 rat skeletons (Ossuary)
  6 rat zombies (Ossuary)
360 creatures vanquished.

Vanquished Creatures (others)
  An orc (D:10)
1 creature vanquished.

Grand Total: 361 creatures vanquished

Notes
Turn   | Place    | Note
-------+----------+-------------------------------------------
     0 | D:1      | trashops the Mountain Dwarf Fighter began the quest for the
                  | Orb.
     0 | D:1      | Reached XP level 1. HP: 19/19 MP: 1/1
   301 | D:1      | Reached XP level 2. HP: 24/26 MP: 2/2
   454 | D:1      | Reached skill level 3 in Axes
   819 | D:2      | Reached XP level 3. HP: 17/31 MP: 3/3
  1249 | D:2      | Reached skill level 4 in Axes
  1719 | D:2      | Reached XP level 4. HP: 38/38 MP: 4/4
  2005 | D:3      | Reached skill level 5 in Axes
  2127 | D:3      | Reached XP level 5. HP: 39/46 MP: 5/5
  2626 | D:4      | Reached skill level 6 in Axes
  2642 | D:4      | Found Ratzunoe's Jewellery Emporium.
  2788 | D:4      | Reached XP level 6. HP: 52/52 MP: 6/6
  2828 | D:4      | Found Miegoz's Antique Weapon Shoppe.
  2919 | D:4      | Found Zuat's General Store.
  2925 | D:4      | Found a broken altar of Ashenzari.
  2929 | D:4      | Found Nunia's Assorted Antiques.
  2957 | D:4      | Found a glowing drain.
  2977 | Sewer    | Entered a sewer
  3090 | Sewer    | Reached skill level 7 in Axes
  3346 | Sewer    | Reached XP level 7. HP: 52/59 MP: 7/7
  3680 | D:4      | Found Zunic's Book Emporium.
  3780 | D:4      | Bought an amethyst potion for 20 gold pieces
  3928 | D:4      | Identified the +6 whip of Success {flame, rPois Str-5
                  | Int+2}
  3937 | D:4      | Reached skill level 8 in Axes
  4160 | D:5      | Entered Level 5 of the Dungeon
  4279 | D:5      | Noticed Ijyb
  4296 | D:5      | Killed Ijyb
  4551 | D:5      | Reached skill level 9 in Axes
  4641 | D:5      | Noticed Sigmund
  4661 | D:5      | Killed Sigmund
  4662 | D:5      | Reached XP level 8. HP: 22/67 MP: 8/8
  4780 | D:5      | Reached skill level 5 in Armour
  4785 | D:5      | Reached skill level 5 in Fighting
  4785 | D:5      | Reached skill level 10 in Axes
  4908 | D:5      | Found an ancient bone altar of Kikubaaqudgha.
  4915 | D:5      | Reached skill level 11 in Axes
  5218 | D:6      | Found a staircase to the Ecumenical Temple.
  5229 | D:6      | Reached XP level 9. HP: 39/74 MP: 9/9
  5240 | Temple   | Entered the Ecumenical Temple
  5257 | Temple   | Became a worshipper of Warmaster Okawaru
  5461 | D:6      | Reached skill level 12 in Axes
  6293 | D:7      | Found a transporter.
  6294 | D:7      | Noticed uglyjohn's ghost (novice GrEE)
  6335 | D:7      | Found a transporter.
  6543 | D:7      | Found a sand-covered staircase.
  6567 | D:7      | Reached * piety under Okawaru
  6575 | Ossuary  | Entered an ossuary
  6857 | Ossuary  | Reached skill level 13 in Axes
  7035 | D:7      | Gained mutation: You are clumsy. (Dex -2) [potion of
                  | mutation]
  7035 | D:7      | Gained mutation: You are partially covered in iridescent
                  | scales. (AC +2) [potion of mutation]
  7036 | D:7      | Lost mutation: You are partially covered in iridescent
                  | scales. (AC +2) [potion of mutation]
  7036 | D:7      | Lost mutation: You are clumsy. (Dex -2) [potion of
                  | mutation]
  7036 | D:7      | Gained mutation: Your body sometimes deteriorates upon
                  | taking damage. [potion of mutation]
  7036 | D:7      | Gained mutation: You have supernaturally acute eyesight.
                  | (SInv) [potion of mutation]
  7036 | D:7      | Gained mutation: Your magical capacity is low. (-10% MP)
                  | [potion of mutation]
  7037 | D:7      | Lost mutation: Your body sometimes deteriorates upon taking
                  | damage. [potion of mutation]
  7037 | D:7      | Lost mutation: You have supernaturally acute eyesight.
                  | (SInv) [potion of mutation]
  7037 | D:7      | Gained mutation: Your movements are slightly less
                  | encumbered by armour. (ER -2) [potion of mutation]
  7262 | D:7      | Noticed Menkaure
  7265 | D:7      | Killed Menkaure
  7435 | D:8      | Reached skill level 5 in Shields
  8483 | D:9      | Found a shadowy altar of Dithmenos.
  8503 | D:9      | Paralysed by a hornet for 2 turns
  8513 | D:9      | Reached skill level 14 in Axes
  8653 | D:9      | Reached XP level 10. HP: 55/84 MP: 9/9
  8655 | D:9      | Noticed a two-headed ogre
  8674 | D:9      | Killed a two-headed ogre
  8674 | D:9      | Reached ** piety under Okawaru
  9133 | D:9      | Reached skill level 15 in Axes
  9649 | D:9      | Reached *** piety under Okawaru
  9925 | D:10     | Entered Level 10 of the Dungeon
 10095 | D:10     | Found a staircase to the Lair.
 10162 | D:10     | Reached **** piety under Okawaru
 10184 | D:10     | Reached skill level 16 in Axes
 10323 | D:10     | Noticed a gargoyle
 10338 | D:10     | Killed a gargoyle
 10346 | D:10     | Found a staircase to the Orcish Mines.
 10352 | D:10     | Reached XP level 11. HP: 50/92 MP: 9/9
 10495 | D:10     | Noticed a two-headed ogre
 10508 | D:10     | Killed a two-headed ogre
 10627 | D:10     | Reached ***** piety under Okawaru
 11496 | D:11     | Noticed a boulder beetle
 11531 | D:11     | Noticed a cyan ugly thing
 11539 | D:11     | Demolished by an enormous slime creature

Illustrated notes

Levels and vault maps discovered:
D:1:      nzn_arrival_settlement, layout_basic
D:2:      layout_loops_corners
D:3:      layout_loops_ring, minmay_goblin_kobold_house
D:4:      wad_crossroads, layout_rooms, ashenzari_altar_1,
          cheibrodos_sewer_entry_drain, serial_shops,
          nicolae_shop_advertising_works [nicolae_subvault_shop_adworks], shop,
          shop, shop, shop, chequers_serial_rivers_micro_d,
          kennysheep_cross_bottleneck, minivault_11, guppyfry_early_lair_pool
D:5:      layout_basic, lemuel_mausoleum_altar_kikubaaqudgha, uniq_sigmund,
          uniq_ijyb
D:6:      layout_layer_cave, minmay_temple_entry_tees,
          kennysheep_generic_room_12
D:7:      layout_rooms, gammafunk_ghost_stat_death,
          nicolae_ossuary_entry_catacombs, grunt_decor_one_mirror, uniq_menkaure
D:8:      layout_cave_pods, minmay_misc_feat_roman, minmay_misc_feat_x
D:9:      layout_long_grid, nicolae_dithmenos_shadow_blocks
D:10:     layout_roguey, dpeg_lair_monsters, david_orc_3, serial_bayou,
          serial_bayou_lake_a, serial_bayou_crossing, serial_bayou_pond_e,
          serial_bayou_pond_d, serial_bayou_pond_d, serial_bayou_ford_a
D:11:     layout_rooms, muffindrake_ghost_dual_entry
Temple:   hellmonk_temple_of_storms

Skill      XL: |  1  2  3  4  5  6  7  8  9 10 11 |
---------------+----------------------------------+-----
Axes           | 3 4 5 6 7 9 11 14 16 | 16.6
Armour         | 4 5 6 7 9 |  9.1
Fighting       | 4 5 6 7 8 |  8.4
Shields        | 4 5 6 |  6.6

Action                     |  1- 3 |  4- 6 |  7- 9 | 10-12 || total
---------------------------+-------+-------+-------+-------++-------
  Melee: War axe           |   105 |   199 |   455 |   300 ||  1059
    Use: Scroll            |     7 |     1 |    13 |       ||    21
         Potion            |       |       |    17 |     3 ||    20
 Armour: Scale mail        |    78 |   145 |   108 |       ||   331
         Plate armour      |       |       |   170 |   232 ||   402
  Dodge: Dodged            |    40 |    89 |   112 |   123 ||   364
  Block: Buckler           |    27 |    73 |    99 |    59 ||   258

Table legend: (Time is in decaauts)
 A = Elapsed time spent in this place.
 B = Non-inter-level travel time spent in this place.
 C = Inter-level travel time spent in this place.
 D = Time resting spent in this place.
 E = Time spent auto-exploring this place.
 F = Levels seen in this place.
 G = Mean time per level.
                   A        B        C        D        E       F      G
               +--------+--------+--------+--------+--------+-----+--------+
         Total |  11572 |  11280 |    292 |   1527 |   7250 |  14 |  826.6 |
       Dungeon |  10355 |  10063 |    292 |   1460 |   6614 |  11 |  941.4 |
        Temple |     98 |     98 |      0 |     67 |      0 |   1 |   98.0 |
         Sewer |    707 |    707 |      0 |      0 |    511 |   1 |  707.0 |
       Ossuary |    410 |    410 |      0 |      0 |    124 |   1 |  410.0 |
               +--------+--------+--------+--------+--------+-----+--------+

Top non-repeatable levels by time:
    D:10: 1544 daAuts
     D:9: 1445 daAuts
     D:2: 1164 daAuts
     D:8: 1024 daAuts
     D:6: 1006 daAuts
     D:5: 1002 daAuts
     D:4: 886 daAuts
     D:3: 884 daAuts
     D:7: 724 daAuts
   Sewer: 707 daAuts
     D:1: 625 daAuts
 Ossuary: 410 daAuts
  Temple: 98 daAuts
    D:11: 45 daAuts
